TOP OF THE 1ST |
Reading Fightin Phils batting - Pitching for San Jose Giants : RHP Dave Crouch
|
Pitching: RHP Dave Crouch
|
|
Batting: RHB Prabhukumar Santhanakrishnan
|
0-0: Called Strike 0-1: Called Strike 0-2: Hit by Pitch
|
Batting: RHB Mark Schultz
|
0-0: Foul Ball, location: 2F 0-1: Called Strike 0-2: Foul Ball, location: 2F 0-2: Ball Prabhukumar Santhanakrishnan steals 2nd base 1-2: Foul Ball, location: 2F 1-2: Ball Passed Ball! Prabhukumar Santhanakrishnan to third 2-2: Strikes out looking
|
Batting: LHB Josh George
|
0-0: Called Strike 0-1: Foul Ball, location: 2F 0-2: Strikes out swinging
|
Batting: RHB Abel Surraca
|
0-0: Ball 1-0: Ball 2-0: Foul Ball, location: 2F 2-1: Called Strike 2-2: SINGLE (Groundball, 56S, EV 60.6 MPH) (infield hit) Prabhukumar Santhanakrishnan scores
|
Batting: RHB Victor Arroyo
|
0-0: Ball 1-0: Foul Ball, location: 2F 1-1: Ball 2-1: Ball 3-1: Base on Balls Abel Surraca to second
|
Batting: RHB Kyle Reilly
|
0-0: Ball 1-0: Fielders Choice at 2nd, 6-4 (Groundball, 6, EV 79.4 MPH)
|
Top of the 1st over - 1 run, 1 hit, 0 errors, 2 left on base; Reading 1 - San Jose 0 |
BOTTOM OF THE 1ST |
San Jose Giants batting - Pitching for Reading Fightin Phils : LHP Scott Hopkins
|
Pitching: LHP Scott Hopkins
|
|
Batting: RHB Bill Defazio
|
0-0: Ball 1-0: Ball 2-0: Called Strike 2-1: Ball 3-1: Base on Balls
|
Batting: RHB Mike Buchanan
|
0-0: Ball 1-0: Foul Ball, location: 2F 1-1: Foul Ball, location: 2F 1-2: Ball 2-2: Ball 3-2: Base on Balls Bill Defazio to second
|
Batting: RHB Yutaka Oki
|
0-0: Called Strike 0-1: Called Strike 0-2: Ground out 5-3 (Groundball, 5S, EV 64.4 MPH) Bill Defazio to third Mike Buchanan to second
|
Batting: RHB Justin Baldwin
|
0-0: Called Strike 0-1: Ball 1-1: Ball 2-1: Ball 3-1: SINGLE (Groundball, 6MD, EV 95.0 MPH) Bill Defazio scores Mike Buchanan to third Runner from 3rd tries for Home, SAFE, throw by CF to home
|
Batting: LHB Jared Paige
|
0-0: Ball 1-0: Ball 2-0: Called Strike 2-1: Called Strike 2-2: Foul Ball, location: 2F 2-2: Foul Ball, location: 2F 2-2: Ball 3-2: Base on Balls Justin Baldwin to second
|
Batting: SHB David Barona
|
0-0: Called Strike 0-1: Swinging Strike 0-2: Ball 1-2: Strikes out swinging
|
Batting: RHB Dave Crouch
|
0-0: Fielders Choice at 2nd, 6-4 (Groundball, 56, EV 105.6 MPH)
|
Bottom of the 1st over - 2 runs, 1 hit, 0 errors, 2 left on base; Reading 1 - San Jose 2 |
TOP OF THE 2ND |
Reading Fightin Phils batting - Pitching for San Jose Giants : RHP Dave Crouch
|
Batting: RHB Jake Cox
|
0-0: Ball 1-0: Ball 2-0: DOUBLE (Line Drive, 78D, EV 108.8 MPH)
|
Batting: RHB Bryan Alfaro
|
0-0: Called Strike 0-1: SINGLE (Groundball, 56D, EV 95.0 MPH) Jake Cox to third Runner from 3rd tries for Home, throw by LF and OUT! 7-2 Bryan Alfaro to second
|
Batting: RHB Josh Baker
|
0-0: Swinging Strike 0-1: Called Strike 0-2: Ball 1-2: Strikes out looking
|
Batting: RHB Prabhukumar Santhanakrishnan
|
0-0: Ball 1-0: Foul Ball, location: 2F 1-1: Ball 2-1: Ball 3-1: Foul Ball, location: 2F 3-2: Base on Balls
|
Batting: RHB Mark Schultz
|
0-0: Ball 1-0: Ball Passed Ball! Bryan Alfaro to third Prabhukumar Santhanakrishnan to second 2-0: Called Strike 2-1: Swinging Strike 2-2: Ground out 5-3 (Groundball, 56S, EV 66.2 MPH)
|
Top of the 2nd over - 0 runs, 2 hits, 0 errors, 2 left on base; Reading 1 - San Jose 2 |
BOTTOM OF THE 2ND |
San Jose Giants batting - Pitching for Reading Fightin Phils : LHP Scott Hopkins
|
Batting: LHB Willie Ceniceros
|
0-0: DOUBLE (Flyball, 7LD, EV 97.5 MPH)
|
Batting: LHB Pong-keun Koh
|
0-0: Ball 1-0: Ball 2-0: Foul Ball, location: 2F 2-1: Fly out, F9 (Flyball, 9LS, EV 79.4 MPH)
|
Batting: RHB Bill Defazio
|
0-0: Foul Ball, location: 2F 0-1: TRIPLE (Line Drive, 89XD, EV 104.4 MPH) Willie Ceniceros scores
|
Batting: RHB Mike Buchanan
|
0-0: Ball 1-0: Called Strike 1-1: Ball 2-1: Ball 3-1: Base on Balls
|
Batting: RHB Yutaka Oki
|
0-0: Ball Mike Buchanan steals 2nd base 1-0: Ball 2-0: Foul Ball, location: 2F 2-1: Foul Ball, location: 2F 2-2: Foul Ball, location: 2F 2-2: SINGLE (Line Drive, 78S, EV 103.1 MPH) Bill Defazio scores Mike Buchanan to third Runner from 3rd tries for Home, SAFE, throw by CF to home
|
Batting: RHB Justin Baldwin
|
0-0: Called Strike Yutaka Oki is caught stealing 2nd base 2-4 0-1: Ground out 4-3 (Groundball, 4, EV 83.8 MPH)
|
Bottom of the 2nd over - 3 runs, 3 hits, 0 errors, 0 left on base; Reading 1 - San Jose 5 |
TOP OF THE 3RD |
Reading Fightin Phils batting - Pitching for San Jose Giants : RHP Dave Crouch
|
Batting: LHB Josh George
|
0-0: Fly out, F7 (Flyball, 78S, EV 86.9 MPH)
|
Batting: RHB Abel Surraca
|
0-0: Foul Ball, location: 2F 0-1: Ground out 6-3 (Groundball, 56, EV 78.8 MPH)
|
Batting: RHB Victor Arroyo
|
0-0: Called Strike 0-1: Ball 1-1: Swinging Strike 1-2: DOUBLE (Line Drive, 8RXD, EV 105.6 MPH)
|
Batting: RHB Kyle Reilly
|
0-0: Ball 1-0: Fly out, F9 (Flyball, 89M, EV 89.4 MPH)
|
Top of the 3rd over - 0 runs, 1 hit, 0 errors, 1 left on base; Reading 1 - San Jose 5 |
BOTTOM OF THE 3RD |
San Jose Giants batting - Pitching for Reading Fightin Phils : LHP Scott Hopkins
|
Pitching: RHP Doug Frampton
|
|
Batting: LHB Jared Paige
|
0-0: Ball 1-0: Foul Ball, location: 2F 1-1: Ground out 6-3 (Groundball, 6, EV 90.0 MPH)
|
Batting: SHB David Barona
|
0-0: Ground out 4-3 (Groundball, 4, EV 102.5 MPH)
|
Batting: RHB Dave Crouch
|
0-0: Ball 1-0: Ball 2-0: Swinging Strike 2-1: SINGLE (Flyball, 34D, EV 90.6 MPH)
|
Batting: LHB Willie Ceniceros
|
0-0: Called Strike 0-1: Ball 1-1: Ball 2-1: Ball 3-1: Base on Balls Dave Crouch to second
|
Batting: LHB Pong-keun Koh
|
0-0: Called Strike 0-1: Ball 1-1: Foul Ball, location: 2F 1-2: Fielders Choice at 2nd, U4 (Groundball, 4M, EV 76.9 MPH)
|
Bottom of the 3rd over - 0 runs, 1 hit, 0 errors, 2 left on base; Reading 1 - San Jose 5 |
TOP OF THE 4TH |
Reading Fightin Phils batting - Pitching for San Jose Giants : RHP Dave Crouch
|
Batting: RHB Jake Cox
|
0-0: Ball 1-0: Called Strike 1-1: Fly out, F8 (Flyball, 8LM, EV 73.8 MPH)
|
Batting: RHB Bryan Alfaro
|
0-0: Called Strike 0-1: Called Strike 0-2: Ball 1-2: Foul Ball, location: 2F 1-2: SINGLE (Groundball, 34D, EV 108.8 MPH)
|
Batting: RHB Josh Baker
|
0-0: Ball 1-0: Fly out, F9 (Line Drive, 9D, EV 89.4 MPH)
|
Batting: RHB Prabhukumar Santhanakrishnan
|
0-0: Ball 1-0: Ball 2-0: Ball 3-0: Base on Balls Bryan Alfaro to second
|
Batting: RHB Mark Schultz
|
0-0: Foul Ball, location: 2F 0-1: Ball 1-1: Ball 2-1: Foul Ball, location: 2F 2-2: Strikes out swinging
|
Top of the 4th over - 0 runs, 1 hit, 0 errors, 2 left on base; Reading 1 - San Jose 5 |
BOTTOM OF THE 4TH |
San Jose Giants batting - Pitching for Reading Fightin Phils : RHP Doug Frampton
|
Batting: RHB Bill Defazio
|
0-0: Swinging Strike 0-1: Foul Ball, location: 2F 0-2: Ball 1-2: Ball 2-2: Foul Ball, location: 2F 2-2: Strikes out looking
|
Batting: RHB Mike Buchanan
|
0-0: Called Strike 0-1: Ball 1-1: Ball 2-1: Foul Ball, location: 2F 2-2: Ground out 3-1 (Groundball, 13, EV 88.8 MPH)
|
Batting: RHB Yutaka Oki
|
0-0: Ball 1-0: Ball 2-0: Foul Ball, location: 2F 2-1: Called Strike 2-2: Foul Ball, location: 2F 2-2: Ground out 1-3 (Groundball, 13S, EV 72.5 MPH)
|
Bottom of the 4th over - 0 runs, 0 hits, 0 errors, 0 left on base; Reading 1 - San Jose 5 |
TOP OF THE 5TH |
Reading Fightin Phils batting - Pitching for San Jose Giants : RHP Dave Crouch
|
Batting: LHB Josh George
|
0-0: Ball 1-0: Fly out, F9 (Flyball, 9, EV 85.0 MPH)
|
Batting: RHB Abel Surraca
|
0-0: Ball 1-0: Called Strike 1-1: Swinging Strike 1-2: Ball 2-2: Strikes out swinging
|
Batting: RHB Victor Arroyo
|
0-0: Foul Ball, location: 2F 0-1: Ball 1-1: Ball 2-1: DOUBLE (Groundball, 5L, EV 104.4 MPH)
|
Batting: RHB Kyle Reilly
|
0-0: Ball 1-0: Called Strike 1-1: Swinging Strike 1-2: Strikes out looking
|
Top of the 5th over - 0 runs, 1 hit, 0 errors, 1 left on base; Reading 1 - San Jose 5 |
BOTTOM OF THE 5TH |
San Jose Giants batting - Pitching for Reading Fightin Phils : RHP Doug Frampton
|
Batting: RHB Justin Baldwin
|
0-0: Ball 1-0: Ground out 6-3 (Groundball, 6, EV 102.5 MPH)
|
Batting: LHB Jared Paige
|
0-0: Ball 1-0: Ball 2-0: Ball 3-0: Ground out 1-3 (Groundball, 13S, EV 66.2 MPH)
|
Batting: SHB David Barona
|
0-0: Swinging Strike 0-1: Foul Ball, location: 2F 0-2: Foul Ball, location: 2F 0-2: Fly out, F8 (Line Drive, 89D, EV 89.4 MPH)
|
Bottom of the 5th over - 0 runs, 0 hits, 0 errors, 0 left on base; Reading 1 - San Jose 5 |
TOP OF THE 6TH |
Reading Fightin Phils batting - Pitching for San Jose Giants : RHP Dave Crouch
|
Batting: RHB Jake Cox
|
0-0: Swinging Strike 0-1: Swinging Strike 0-2: Fly out, F9 (Flyball, 9D, EV 93.1 MPH)
|
Batting: RHB Bryan Alfaro
|
0-0: Ball 1-0: Called Strike 1-1: Hit by Pitch
|
Batting: RHB Josh Baker
|
0-0: Foul Ball, location: 2F 0-1: Grounds into double play, 5-4-3 (Groundball, 56, EV 106.2 MPH)
|
Top of the 6th over - 0 runs, 0 hits, 0 errors, 0 left on base; Reading 1 - San Jose 5 |
BOTTOM OF THE 6TH |
San Jose Giants batting - Pitching for Reading Fightin Phils : RHP Doug Frampton
|
Batting: RHB Dave Crouch
|
0-0: Ball 1-0: Fly out, F8 (Flyball, 8LM, EV 82.5 MPH)
|
Batting: LHB Willie Ceniceros
|
0-0: Ball 1-0: Called Strike 1-1: Called Strike 1-2: Foul Ball, location: 2F 1-2: Ball 2-2: Foul Ball, location: 2F 2-2: Fly out, F7 (Flyball, 7D, EV 103.1 MPH)
|
Batting: LHB Pong-keun Koh
|
0-0: Ball 1-0: Ball 2-0: Ball 3-0: Called Strike 3-1: Base on Balls
|
Pitching: RHP Jason Vigil
|
|
Batting: RHB Bill Defazio
|
0-0: SINGLE (Groundball, 34D, EV 97.5 MPH) Pong-keun Koh to second Runner from 2nd tries for 3rd, SAFE, throw by RF made to third
|
Batting: RHB Mike Buchanan
|
0-0: Called Strike 0-1: Ball 1-1: Called Strike 1-2: Ball 2-2: Ball 3-2: Ground out 5-3 (Groundball, 56, EV 97.5 MPH)
|
Bottom of the 6th over - 0 runs, 1 hit, 0 errors, 2 left on base; Reading 1 - San Jose 5 |
TOP OF THE 7TH |
Reading Fightin Phils batting - Pitching for San Jose Giants : RHP Dave Crouch
|
Pitching: RHP Rick Madden
|
|
Batting: RHB Prabhukumar Santhanakrishnan
|
0-0: Called Strike 0-1: Ball 1-1: Ground out 3-1 (Groundball, 34S, EV 81.2 MPH)
|
Batting: RHB Mark Schultz
|
0-0: Ball 1-0: Ball 2-0: DOUBLE (Flyball, 89XD, EV 106.2 MPH)
|
Batting: LHB Josh George
|
0-0: Called Strike 0-1: Swinging Strike 0-2: Foul Ball, location: 2F 0-2: Ball 1-2: Foul Ball, location: 2F 1-2: Ground out 6-3 (Groundball, 4M, EV 105.6 MPH) Mark Schultz to third
|
Batting: RHB Abel Surraca
|
0-0: Ball 1-0: Foul Ball, location: 2F 1-1: Ball 2-1: Called Strike 2-2: SINGLE (Groundball, 56D, EV 97.5 MPH) Mark Schultz scores
|
Batting: RHB Victor Arroyo
|
0-0: Foul Ball, location: 2F 0-1: Called Strike 0-2: Ball 1-2: Foul Ball, location: 2F 1-2: Foul Ball, location: 2F 1-2: Foul Ball, location: 2F 1-2: Foul Ball, location: 2F 1-2: Fielders Choice at 2nd, 5-4 (Groundball, 56, EV 85.0 MPH)
|
Top of the 7th over - 1 run, 2 hits, 0 errors, 1 left on base; Reading 2 - San Jose 5 |
BOTTOM OF THE 7TH |
San Jose Giants batting - Pitching for Reading Fightin Phils : RHP Jason Vigil
|
Batting: RHB Yutaka Oki
|
0-0: Swinging Strike 0-1: Ball 1-1: Foul Ball, location: 2F 1-2: Foul Ball, location: 2F 1-2: Ball 2-2: Strikes out swinging
|
Batting: RHB Justin Baldwin
|
0-0: Ball 1-0: Fly out, F8 (Flyball, 89S, EV 87.5 MPH)
|
Batting: LHB Jared Paige
|
0-0: Ball 1-0: Foul Ball, location: 2F 1-1: Foul Ball, location: 2F 1-2: Foul Ball, location: 2F 1-2: Ball 2-2: Ball 3-2: Strikes out swinging
|
Bottom of the 7th over - 0 runs, 0 hits, 0 errors, 0 left on base; Reading 2 - San Jose 5 |
TOP OF THE 8TH |
Reading Fightin Phils batting - Pitching for San Jose Giants : RHP Rick Madden
|
Batting: RHB Kyle Reilly
|
0-0: Ball 1-0: Ground out 5-3 (Groundball, 56, EV 81.2 MPH)
|
Batting: RHB Jake Cox
|
0-0: Ball 1-0: Called Strike 1-1: Ground out 5-3 (Groundball, 56S, EV 86.9 MPH)
|
Batting: RHB Bryan Alfaro
|
0-0: Ball 1-0: Foul Ball, location: 2F 1-1: Foul Ball, location: 2F 1-2: Strikes out looking
|
Top of the 8th over - 0 runs, 0 hits, 0 errors, 0 left on base; Reading 2 - San Jose 5 |
BOTTOM OF THE 8TH |
San Jose Giants batting - Pitching for Reading Fightin Phils : RHP Jason Vigil
|
Batting: SHB David Barona
|
0-0: Called Strike 0-1: Foul Ball, location: 2F 0-2: Ball 1-2: Foul Ball, location: 2F 1-2: Strikes out swinging
|
Batting: RHB Dave Crouch
|
0-0: Ball 1-0: Called Strike 1-1: Foul Ball, location: 2F 1-2: Fly out, F8 (Flyball, 89M, EV 93.8 MPH)
|
Batting: LHB Willie Ceniceros
|
0-0: Ball 1-0: Ground out 6-3 (Groundball, 4M, EV 80.6 MPH)
|
Bottom of the 8th over - 0 runs, 0 hits, 0 errors, 0 left on base; Reading 2 - San Jose 5 |
TOP OF THE 9TH |
Reading Fightin Phils batting - Pitching for San Jose Giants : RHP Rick Madden
|
Pitching: RHP Lorenzo de Jesus
|
|
Batting: RHB Josh Baker
|
0-0: Foul Ball, location: 2F 0-1: Ball 1-1: Ball 2-1: Swinging Strike 2-2: Strikes out swinging
|
Batting: RHB Prabhukumar Santhanakrishnan
|
0-0: Foul Ball, location: 2F 0-1: Ball 1-1: Foul Ball, location: 2F 1-2: Ground out 6-3 (Groundball, 6, EV 103.1 MPH)
|
Batting: RHB Mark Schultz
|
0-0: Foul Ball, location: 2F 0-1: Foul Ball, location: 2F 0-2: Ball 1-2: Ball 2-2: Foul Ball, location: 2F 2-2: Fly out, F7 (Flyball, 7S, EV 85.6 MPH)
|
Top of the 9th over - 0 runs, 0 hits, 0 errors, 0 left on base; Reading 2 - San Jose 5 |
|